Selects Advanced Infantry Battlegroup
Construct Medical Station
Selects Artillery Observers
Construct Weapon Support Center
Selects Convert to Ranger Squad
M3 Armored Personnel Carrier
Selects Designate Assault Position
Selects Ranger Weapon Training
M3 Armored Personnel Carrier
Selects M2A1 105mm Howitzer Emplacement
Selects 155mm Rapid Artillery Barrage
M4(105) Sherman Bulldozer
M4(105) Sherman Bulldozer